[Event "Titled Tuesday Blitz November 07 Early 2023"]
[White "Pakleza, Zbigniew"]
[Black "Azali, Tannaz"]
[WhiteFideId "1119290"]
[BlackFideId "12537721"]
[WhiteElo "2723"]
[BlackElo "2424"]
[Result "1-0"]
[Round "9"]
[TimeControl "180+1"]
[Date "2023.11.07"]
[WhiteClock "0:02:26"]
[BlackClock "0:00:45"]
[Board "113"]

1. b4 Nf6 2. Bb2 e6 3. a3 d5 4. e3 c5 5. bxc5 Bxc5 6. Nf3 O-O 7. c4 Nc6 8. cxd5 exd5 9. d4 Be7 10. Nbd2 Bg4 11. Bd3 Rc8 12. O-O h6 13. h3 Bh5 14. g4 Bg6 15. Bxg6 fxg6 16. Ne5 Nxe5 17. dxe5 Ne4 18. Nxe4 dxe4 19. Qxd8 Rfxd8 20. Rfd1 Rxd1+ 21. Rxd1 Rc2 22. Rd7 Kf7 23. Rxb7 Ke6 24. Bd4 Bxa3 25. Rxa7 Bb2 26. Rxg7 Bxd4 27. exd4 g5 28. Rg6+ Kd5 29. Rd6+ Kc4 30. Rc6+ 1-0


[Site "https://www.chess.com"]

[Event "Titled Tuesday Blitz November 07 Early 2023"]
[White "Kosteniuk, Alexandra"]
[Black "missponyo10"]
[WhiteFideId "4128125"]
[WhiteElo "2645"]
[BlackElo "2061"]
[Result "1-0"]
[Round "9"]
[TimeControl "180+1"]
[Date "2023.11.07"]
[WhiteClock "0:00:50"]
[BlackClock "0:00:22"]
[Board "114"]

1. b3 d5 2. Bb2 c6 3. Nf3 e6 4. c4 Nf6 5. g3 Nbd7 6. Bg2 Bd6 7. O-O O-O 8. d3 Re8 9. Nbd2 Nf8 10. e4 dxe4 11. dxe4 Bc7 12. e5 N6d7 13. Qc2 Ng6 14. Rfe1 Qe7 15. Rad1 Ndf8 16. h4 Nd7 17. h5 Ngf8 18. Ne4 h6 19. Nd6 Bxd6 20. exd6 Qd8 21. c5 Nh7 22. Ne5 Nxe5 23. Bxe5 Bd7 24. Be4 Nf6 25. Bf3 Nh7 26. Qc4 f6 27. Bb2 Kh8 28. b4 e5 29. a4 Ng5 30. Bg2 Be6 31. Qh4 Qd7 32. f4 exf4 33. gxf4 Nh7 34. Re3 Bg4 35. Rde1 Rxe3 36. Rxe3 Be6 37. Qe1 Nf8 38. f5 Bxf5 39. Re7 Qd8 40. Qe3 Nh7 41. Rxb7 Ng5 42. Bxc6 Nh3+ 43. Kh2 Qg8 44. Bxf6 Qa2+ 45. Bg2 Ng5 46. Bxg5 hxg5 47. Qxg5 Rg8 48. h6 Qe6 49. Rxg7 Qe5+ 50. Qg3 Qe6 51. Rxg8+ Qxg8 52. Qxg8+ Kxg8 53. c6 Kf7 54. c7 Kg6 55. Bh3 Kxh6 56. Bxf5 Kg5 57. c8=Q 1-0


[Site "https://www.chess.com"]

[Event "Titled Tuesday Blitz November 07 Early 2023"]
[White "Harriott, Tyrell"]
[Black "Gontcharov, Vladislav"]
[WhiteFideId "2086484"]
[BlackFideId "4123492"]
[WhiteElo "2340"]
[BlackElo "2548"]
[Result "0-1"]
[Round "9"]
[TimeControl "180+1"]
[Date "2023.11.07"]
[WhiteClock "0:00:15"]
[BlackClock "0:00:15"]
[Board "115"]

1. d4 Nf6 2. e3 c5 3. c3 d6 4. f4 g6 5. Bd3 Bg7 6. Nf3 O-O 7. O-O Nc6 8. Bc2 e5 9. d5 Ne7 10. fxe5 dxe5 11. e4 Bg4 12. Be3 b6 13. Na3 Ne8 14. c4 Nd6 15. Nb5 Nxc4 16. Bc1 Nd6 17. Nxd6 Qxd6 18. h3 Bxf3 19. gxf3 Nc8 20. Be3 Qe7 21. Qd2 Nd6 22. Bg5 Bf6 23. Be3 Rfe8 24. b3 h5 25. Kh2 Kh7 26. Rg1 Bg7 27. Rg2 Qf8 28. Qe2 Bh6 29. Bf2 Bf4+ 30. Kh1 Rac8 31. Rag1 Qe7 32. Bg3 Qf6 33. Rh2 c4 34. b4 a5 35. bxa5 bxa5 36. Ba4 Red8 37. Bc6 Rb8 38. Qe1 Rb4 39. Rc2 Rdb8 40. Bf2 Rb2 41. Qe2 c3 42. Rgc1 Bxc1 43. Kg2 Bf4 44. Ba4 Qg5+ 45. Kf1 Rb1+ 46. Be1 Bd2 47. f4 Qxf4+ 48. Qf2 Rxe1+ 49. Kg2 Qxe4+ 50. Qf3 Rg1+ 51. Kh2 Qxf3 0-1


[Site "https://www.chess.com"]

[Event "Titled Tuesday Blitz November 07 Early 2023"]
[White "topce"]
[Black "SlippperyWhenWet"]
[WhiteElo "2507"]
[BlackElo "2336"]
[Result "1-0"]
[Round "9"]
[TimeControl "180+1"]
[Date "2023.11.07"]
[WhiteClock "0:01:33"]
[BlackClock "0:00:23"]
[Board "116"]

1. c4 c5 2. Nc3 Nc6 3. g3 g6 4. Bg2 Bg7 5. d3 e6 6. Bf4 d6 7. Qc1 Nge7 8. Bh6 Bxh6 9. Qxh6 Nf5 10. Qd2 Bd7 11. e3 a6 12. Nge2 O-O 13. O-O e5 14. b3 Be6 15. Rad1 Nfe7 16. d4 cxd4 17. exd4 exd4 18. Nxd4 Nxd4 19. Qxd4 Nc8 20. Bxb7 Rb8 21. Bxa6 Qa5 22. Bb5 Ne7 23. Ne4 Nf5 24. Nf6+ Kh8 25. Qa1 Ng7 26. Rxd6 Bh3 27. Rfd1 Rxb5 28. cxb5 Qa8 29. Nd5 Qa3 30. Qf6 Be6 31. Rd8 h5 32. Ne7 Rxd8 33. Rxd8+ Kh7 34. Rg8 Qc1+ 35. Kg2 Qh6 36. Rxg7+ Qxg7 37. Qxg7+ Kxg7 38. b6 Kf6 39. b7 Kg5 40. b8=Q f5 41. Qf4+ Kf6 42. Qd6 h4 43. Nd5+ Kg5 44. Qe7+ Kh6 45. Qxh4+ Kg7 46. Qf6+ Kh6 47. Qxe6 Kh5 48. Nf4+ Kg5 49. Qxg6# 1-0


[Site "https://www.chess.com"]

[Event "Titled Tuesday Blitz November 07 Early 2023"]
[White "Ardila, Oscar Humberto"]
[Black "Ahmad, Khagan"]
[WhiteFideId "4404742"]
[BlackFideId "13431552"]
[WhiteElo "2319"]
[BlackElo "2498"]
[Result "1-0"]
[Round "9"]
[TimeControl "180+1"]
[Date "2023.11.07"]
[WhiteClock "0:00:07"]
[BlackClock "0:00:00"]
[Board "117"]

1. d4 d5 2. c4 c6 3. Nc3 Nf6 4. Nf3 dxc4 5. a4 Bf5 6. Bf4 e6 7. e3 Bb4 8. Bxc4 Nbd7 9. O-O Nb6 10. Be2 a5 11. Ne5 Nfd5 12. Nxd5 Nxd5 13. Bg3 O-O 14. Qb3 Nf6 15. Rfd1 Ne4 16. Bf4 Nd2 17. Qa2 Bc2 18. Rxd2 Bxd2 19. b3 Bc3 20. Rc1 Bxd4 21. Qxc2 Bxe5 22. Bxe5 Qd5 23. Bd4 Rfd8 24. Bc4 Qd6 25. h3 Rac8 26. Bb6 Rd7 27. Bxa5 b5 28. Be2 bxa4 29. bxa4 h6 30. Bc3 c5 31. Rd1 Qc7 32. Rxd7 Qxd7 33. Bb5 Qd5 34. Qb2 f6 35. Qc2 c4 36. Qg6 Qd3 37. Qg4 Kf7 38. Qd4 Rd8 39. Qa7+ Kg8 40. Qa5 Rc8 41. Qb4 Qd1+ 42. Kh2 Qe2 43. Bd7 Rd8 44. Bxe6+ Kh8 45. Qxc4 Qxf2 46. Qf4 Qe2 47. Ba5 Re8 48. Bf7 Qxe3 49. Qxe3 Rxe3 50. Bb6 Ra3 51. a5 f5 52. Bg6 f4 53. Kg1 Kg8 54. Kf2 Kf8 55. Be4 Ke8 56. Bc6+ Kf7 57. Bc7 g5 58. Bb5 Ke6 59. a6 Kd5 60. Bb6 Ra2+ 61. Ke1 Ra1+ 62. Kd2 Ra2+ 63. Kd3 Rxg2 64. a7 Ra2 65. Bc4+ Kc6 66. Bxa2 Kb7 67. Bd5+ 1-0


[Site "https://www.chess.com"]

[Event "Titled Tuesday Blitz November 07 Early 2023"]
[White "Petrova, Irina"]
[Black "Bazilius, Augustinas"]
[WhiteFideId "14124122"]
[BlackFideId "12832251"]
[WhiteElo "2320"]
[BlackElo "2496"]
[Result "1-0"]
[Round "9"]
[TimeControl "180+1"]
[Date "2023.11.07"]
[WhiteClock "0:01:26"]
[BlackClock "0:00:17"]
[Board "118"]

1. e4 c5 2. Nf3 a6 3. c4 e6 4. Nc3 Qc7 5. Be2 d6 6. d4 cxd4 7. Nxd4 Nf6 8. O-O Nbd7 9. Be3 Be7 10. f3 O-O 11. Qd2 b6 12. Rfc1 Bb7 13. a4 Rac8 14. a5 bxa5 15. Nb3 Qb8 16. Nxa5 Ba8 17. b4 Ne5 18. b5 axb5 19. cxb5 Rfd8 20. Na4 Rxc1+ 21. Rxc1 d5 22. Nc6 Bxc6 23. bxc6 Nxc6 24. Rxc6 dxe4 25. Qc1 exf3 26. Bxf3 Qb3 27. Nc5 Qb5 28. Ne4 Nxe4 29. Bxe4 Qa4 30. Bf3 h6 31. Rc8 Kh7 32. Rxd8 Bxd8 33. h3 Bf6 34. Bd1 Qe4 35. Bc2 1-0


[Site "https://www.chess.com"]

[Event "Titled Tuesday Blitz November 07 Early 2023"]
[White "Lund, Gunnar"]
[Black "Pumpkin_in_moonlight"]
[WhiteFideId "1520814"]
[WhiteElo "2478"]
[BlackElo "2318"]
[Result "1-0"]
[Round "9"]
[TimeControl "180+1"]
[Date "2023.11.07"]
[WhiteClock "0:01:10"]
[BlackClock "0:00:01"]
[Board "119"]

1. d4 d5 2. c4 e6 3. g3 dxc4 4. Bg2 c6 5. a4 Bb4+ 6. Bd2 Qa5 7. Nf3 Ne7 8. O-O Nd7 9. Na3 Bxd2 10. Nxc4 Qb4 11. Nfxd2 Nb6 12. Qc2 Nxc4 13. Nxc4 O-O 14. a5 Nd5 15. e4 Nf6 16. Rfd1 Qe7 17. Ne5 Bd7 18. Qc5 Qxc5 19. dxc5 Rfd8 20. Nc4 Kf8 21. Nd6 Rab8 22. Rd3 Ne8 23. e5 Nc7 24. Rad1 Nd5 25. Rb3 Bc8 26. f4 Ke7 27. Kf2 a6 28. h4 f6 29. Be4 fxe5 30. fxe5 Rf8+ 31. Rf3 Rxf3+ 32. Kxf3 Bd7 33. Bxh7 Rf8+ 34. Ke2 Nb4 35. Be4 Nd5 36. Rd3 Be8 37. Nxe8 Rxe8 38. Rb3 Rb8 39. Kf3 Kd7 40. Kg4 Kc7 41. Rf3 Kd7 42. Rf7+ Ne7 43. Rxg7 Rf8 44. h5 Rf1 45. h6 Re1 46. h7 Rxe4+ 47. Kf3 Rxe5 48. h8=Q Rf5+ 49. Kg2 1-0


[Site "https://www.chess.com"]

[Event "Titled Tuesday Blitz November 07 Early 2023"]
[White "Novikova, Galina"]
[Black "Rasmussen, Casper"]
[WhiteFideId "4157095"]
[BlackFideId "1402005"]
[WhiteElo "2421"]
[BlackElo "2297"]
[Result "0-1"]
[Round "9"]
[TimeControl "180+1"]
[Date "2023.11.07"]
[WhiteClock "0:00:34"]
[BlackClock "0:01:17"]
[Board "121"]

1. e4 c5 2. Nf3 e6 3. b4 b6 4. bxc5 bxc5 5. c3 Bb7 6. Bd3 d5 7. e5 Nc6 8. O-O h5 9. Bc2 d4 10. Na3 Nh6 11. Nc4 Nf5 12. Rb1 Rb8 13. Be4 Qc7 14. Qa4 Kd7 15. Na5 Ne7 16. Nxb7 Rxb7 17. Ba3 Nd5 18. cxd4 c4 19. Bxf8 Rxf8 20. Qxc4 Rfb8 21. Rxb7 Rxb7 22. Bxd5 exd5 23. Qxd5+ Ke7 24. Qc5+ Ke8 25. Rc1 Rb6 26. h3 Qb7 27. d5 Nb4 28. d6 Rc6 29. d4 Rxc5 30. dxc5 Nc6 31. Rd1 Kd7 32. h4 Qb4 33. Rc1 Qb2 34. Re1 Qxa2 35. Ng5 Qd5 36. e6+ fxe6 37. Nxe6 Qxe6 38. Rxe6 Kxe6 39. Kf1 Kd5 40. Ke2 Kxc5 41. Kd3 Kxd6 0-1


[Site "https://www.chess.com"]

[Event "Titled Tuesday Blitz November 07 Early 2023"]
[White "Filip, Andrei"]
[Black "Schut, Han"]
[WhiteFideId "1249452"]
[BlackFideId "1005561"]
[WhiteElo "2417"]
[BlackElo "2302"]
[Result "1-0"]
[Round "9"]
[TimeControl "180+1"]
[Date "2023.11.07"]
[WhiteClock "0:00:20"]
[BlackClock "0:00:00"]
[Board "122"]

1. c4 Nf6 2. Nf3 g6 3. b3 Bg7 4. Bb2 O-O 5. g3 d5 6. cxd5 Nxd5 7. Bxg7 Kxg7 8. Bg2 c5 9. O-O f6 10. d4 cxd4 11. Nxd4 a6 12. e4 Nb6 13. Nc3 e5 14. Nc2 Qxd1 15. Rfxd1 Be6 16. Rd6 Rc8 17. Rxe6 Rxc3 18. Rxb6 Rxc2 19. Rxb7+ Kh6 20. Rd1 Nc6 21. Rdd7 Rh8 22. Rbc7 Nb4 23. Rxc2 Nxc2 24. Ra7 Rd8 25. Rxa6 Rd1+ 26. Bf1 Ne1 27. Rxf6 Kg7 28. Ra6 Nf3+ 29. Kg2 Ne1+ 30. Kh3 h5 31. Bc4 Nf3 32. Ra7+ Kh6 33. Kg2 Ne1+ 34. Kf1 Ra1 35. Ke2 Nc2 36. a4 Nd4+ 37. Kd3 Rd1+ 38. Kc3 Rc1+ 39. Kb4 Nc6+ 40. Kb5 Nxa7+ 41. Kb6 Nc8+ 42. Kc7 Ne7 43. a5 1-0


[Site "https://www.chess.com"]

[Event "Titled Tuesday Blitz November 07 Early 2023"]
[White "Todorovic, Bojan"]
[Black "Kohler, Aran"]
[WhiteFideId "917087"]
[BlackFideId "1002856"]
[WhiteElo "2412"]
[BlackElo "2296"]
[Result "1-0"]
[Round "9"]
[TimeControl "180+1"]
[Date "2023.11.07"]
[WhiteClock "0:00:25"]
[BlackClock "0:00:00"]
[Board "123"]

1. Nf3 c6 2. e4 d5 3. Nc3 Bg4 4. h3 Bxf3 5. Qxf3 e6 6. Be2 Nf6 7. O-O dxe4 8. Nxe4 Nxe4 9. Qxe4 Qd5 10. Qa4 Nd7 11. Qb3 Qxb3 12. axb3 a6 13. d4 Bd6 14. c3 O-O 15. Be3 Rac8 16. g3 e5 17. dxe5 Nxe5 18. Rfd1 Bb8 19. Bb6 Bc7 20. Bc5 Rfd8 21. Kg2 Rxd1 22. Rxd1 Rd8 23. Rxd8+ Bxd8 24. f4 Nd7 25. Bd6 g6 26. g4 Bf6 27. g5 Bg7 28. Bg4 Nb6 29. Kf3 Bf8 30. Bc7 Nd5 31. Be5 b6 32. Ke4 Be7 33. Bd7 b5 34. Bxc6 Nb6 35. Bd4 Nc8 36. Kd5 Nd6 37. Bc5 Nf5 38. Bb7 a5 39. Bc6 Bxc5 40. Kxc5 Ne3 41. Kxb5 Nd1 42. Kxa5 Nxb2 43. Be4 Kf8 44. c4 Ke7 45. c5 f6 46. Kb6 f5 47. Bc2 Kd8 48. Kb7 1-0


[Site "https://www.chess.com"]

[Event "Titled Tuesday Blitz November 07 Early 2023"]
[White "Musalov, Ruslan"]
[Black "Belanoff, Ted"]
[WhiteFideId "4141490"]
[BlackFideId "2070588"]
[WhiteElo "2411"]
[BlackElo "2294"]
[Result "0-1"]
[Round "9"]
[TimeControl "180+1"]
[Date "2023.11.07"]
[WhiteClock "0:00:09"]
[BlackClock "0:00:42"]
[Board "124"]

1. e4 d5 2. exd5 Qxd5 3. Nc3 Qd6 4. Nf3 c6 5. Be2 Bg4 6. O-O Nd7 7. d4 Ngf6 8. h3 Bh5 9. Ne5 Bxe2 10. Qxe2 Qxd4 11. Nxd7 Qxd7 12. Bg5 e6 13. Rad1 Qc7 14. Bxf6 gxf6 15. Ne4 Be7 16. Qg4 f5 17. Qg7 Rf8 18. Nf6+ Bxf6 19. Qxf6 Rd8 20. c4 Rg8 21. Qh4 Qe7 22. Qxh7 Qg5 23. g3 Ke7 24. h4 Qg4 25. Rxd8 Rxd8 26. Qh6 Rg8 27. Kh2 f4 28. Qxf4 Qxf4 29. gxf4 Rg4 30. b3 Rxh4+ 31. Kg3 Rh8 32. Re1 Rd8 33. Re2 Kf6 34. Kf3 Rd1 35. Ke4 Rf1 36. Rd2 Ra1 37. f3 Re1+ 38. Kd4 Kf5 39. Kc5 Kxf4 40. Rd7 f5 41. Rxb7 Kxf3 42. Kxc6 e5 43. c5 e4 44. Kd5 e3 45. Rf7 Rd1+ 46. Ke5 e2 47. Rxf5+ Kg3 48. Rg5+ Kh4 0-1


[Site "https://www.chess.com"]

[Event "Titled Tuesday Blitz November 07 Early 2023"]
[White "De Souza, Cristiano Gomes"]
[Black "Suspenser17"]
[WhiteFideId "2151758"]
[WhiteElo "2291"]
[BlackElo "2404"]
[Result "0-1"]
[Round "9"]
[TimeControl "180+1"]
[Date "2023.11.07"]
[WhiteClock "0:01:15"]
[BlackClock "0:01:19"]
[Board "125"]

1. d4 d5 2. c4 e6 3. Nf3 Nf6 4. Nc3 c6 5. Bg5 h6 6. Bh4 dxc4 7. a4 Bb4 8. Bxf6 Qxf6 9. e3 b5 10. Nd2 e5 11. dxe5 Qxe5 12. Rc1 O-O 13. Be2 a6 14. Bf3 Rd8 15. Qc2 Bf5 16. e4 Be6 17. O-O Nd7 18. Rfd1 Nc5 19. Nf1 Bxc3 20. bxc3 Nxa4 21. Rxd8+ Rxd8 22. Ne3 Rd3 23. Nd1 Nc5 24. Be2 Nb3 25. Bxd3 cxd3 26. Qb2 Nxc1 27. Qxc1 Qxe4 28. Ne3 d2 29. Qxd2 Qb1+ 30. Qd1 Qxd1+ 31. Nxd1 a5 32. Kf1 a4 33. Ke2 a3 0-1


[Site "https://www.chess.com"]

[Event "Titled Tuesday Blitz November 07 Early 2023"]
[White "LionKing2367890"]
[Black "Osinovsky, Stepan"]
[BlackFideId "4157354"]
[WhiteElo "2259"]
[BlackElo "2401"]
[Result "0-1"]
[Round "9"]
[TimeControl "180+1"]
[Date "2023.11.07"]
[WhiteClock "0:00:00"]
[BlackClock "0:00:29"]
[Board "126"]

1. e4 e5 2. Nf3 Nc6 3. Bc4 Nf6 4. d3 Be7 5. O-O d5 6. exd5 Nxd5 7. Re1 Bg4 8. h3 Bh5 9. g4 Bg6 10. Nxe5 Nxe5 11. Rxe5 Nb6 12. Qe2 f6 13. Re3 Nxc4 14. dxc4 Kf7 15. Nc3 Bc5 16. Rg3 Qd7 17. Be3 Rae8 18. Rd1 Qc6 19. Rd5 Bd6 20. Rg2 Bb4 21. Rg3 Bd6 22. Rg2 Be5 23. Nb5 Be4 24. Nxa7 Qe6 25. Rd2 Bxg2 26. Kxg2 Bxb2 27. Nb5 Be5 28. f4 Bxf4 0-1


[Site "https://www.chess.com"]

[Event "Titled Tuesday Blitz November 07 Early 2023"]
[White "Quirke, Jeffrey"]
[Black "Goldin, Roman"]
[WhiteFideId "2013029"]
[BlackFideId "2803860"]
[WhiteElo "2255"]
[BlackElo "2389"]
[Result "0-1"]
[Round "9"]
[TimeControl "180+1"]
[Date "2023.11.07"]
[WhiteClock "0:00:00"]
[BlackClock "0:00:13"]
[Board "127"]

1. e4 Nc6 2. Nf3 e5 3. Bb5 a6 4. Ba4 Nge7 5. c3 d6 6. d4 Bd7 7. O-O Ng6 8. Re1 Be7 9. Nbd2 O-O 10. d5 Nb8 11. c4 b5 12. Bb3 f5 13. exf5 Bxf5 14. c5 Nd7 15. cxd6 cxd6 16. Nf1 Nc5 17. Ng3 Bg4 18. Re3 Bg5 19. Rc3 b4 20. Bxg5 Qxg5 21. Nxg5 Bxd1 22. Rxc5 Bxb3 23. Rc6 Bxd5 24. Rxd6 Nf4 25. N5e4 Rfc8 26. Rd1 Bxa2 27. Nf5 Rc2 28. Ng5 Rcc8 29. Rd7 Ne6 30. Nxe6 Bxe6 0-1


[Site "https://www.chess.com"]

[Event "Titled Tuesday Blitz November 07 Early 2023"]
[White "Dmitrenko, Viktor"]
[Black "Vila Dupla, Aurelio"]
[WhiteFideId "14110270"]
[BlackFideId "2203383"]
[WhiteElo "2384"]
[BlackElo "2185"]
[Result "1-0"]
[Round "9"]
[TimeControl "180+1"]
[Date "2023.11.07"]
[WhiteClock "0:01:02"]
[BlackClock "0:00:02"]
[Board "129"]

1. e4 c5 2. Nf3 d6 3. Bb5+ Nd7 4. O-O a6 5. Bxd7+ Bxd7 6. c3 Nf6 7. Re1 e6 8. d4 cxd4 9. cxd4 Be7 10. Nc3 O-O 11. e5 Ne8 12. d5 exd5 13. Nxd5 Be6 14. Nxe7+ Qxe7 15. Bg5 Qd7 16. exd6 Nxd6 17. Ne5 Qc7 18. Rc1 Qb6 19. Be7 Rfe8 20. Qxd6 Qxb2 21. Qa3 Qxa3 22. Bxa3 Bxa2 23. f4 f6 24. Nd3 Rxe1+ 25. Rxe1 Rd8 26. Nc5 Bd5 27. Rd1 Kf7 28. Nxb7 Rd7 29. Nc5 f5 30. Nxd7 1-0


[Site "https://www.chess.com"]

[Event "Titled Tuesday Blitz November 07 Early 2023"]
[White "Witty_Alien"]
[Black "La Villa Rivas, Marlon Javier"]
[BlackFideId "3519546"]
[WhiteElo "2250"]
[BlackElo "2380"]
[Result "0-1"]
[Round "9"]
[TimeControl "180+1"]
[Date "2023.11.07"]
[WhiteClock "0:00:00"]
[BlackClock "0:01:37"]
[Board "130"]

1. e4 e6 2. d4 d5 3. exd5 exd5 4. c4 c6 5. Nc3 dxc4 6. Bxc4 Bd6 7. Nf3 Ne7 8. O-O O-O 9. Bg5 h6 10. Bh4 Bg4 11. h3 Bh5 12. Re1 Qc7 13. Rc1 Nf5 14. g4 Nxh4 15. Nxh4 Bh2+ 16. Kg2 Bf4 17. gxh5 Bxc1 18. Qxc1 Nd7 19. Re7 Qd6 20. Nf5 Qb4 21. Ne4 Nb6 22. Nxh6+ Kh8 23. Nxf7+ Rxf7 24. Bxf7 Qxe7 25. Bg6 Rf8 26. Ng5 Nd5 27. h4 Nf4+ 28. Kg1 Ne2+ 29. Kg2 Nxc1 0-1


[Site "https://www.chess.com"]

[Event "Titled Tuesday Blitz November 07 Early 2023"]
[White "secrethawk1"]
[Black "Dahlgren, James Allen"]
[BlackFideId "22256873"]
[WhiteElo "2365"]
[BlackElo "2126"]
[Result "1-0"]
[Round "9"]
[TimeControl "180+1"]
[Date "2023.11.07"]
[WhiteClock "0:00:02"]
[BlackClock "0:00:00"]
[Board "131"]

1. e4 e6 2. d4 c5 3. d5 exd5 4. exd5 f5 5. d6 Qf6 6. Qe2+ Qe6 7. Be3 Bxd6 8. g3 Nf6 9. Nc3 Nc6 10. O-O-O O-O 11. Bg2 Nd4 12. Qd2 Ne4 13. Nxe4 fxe4 14. Bxd4 Qxa2 15. Qc3 cxd4 16. Qxd4 Be7 17. Qxe4 Rxf2 18. Qd5+ Qxd5 19. Bxd5+ Kf8 20. Nh3 Rf5 21. g4 Rf6 22. g5 Rf5 23. Rhf1 d6 24. Be4 g6 25. Bxf5 Bxf5 26. Kb1 Kg7 27. Nf4 Bxg5 28. Nd5 Be6 29. Nc7 1-0


[Site "https://www.chess.com"]

[Event "Titled Tuesday Blitz November 07 Early 2023"]
[White "Ovezdurdyyeva, Jemal"]
[Black "Mirza, Diana"]
[WhiteFideId "14001888"]
[BlackFideId "2503999"]
[WhiteElo "2360"]
[BlackElo "1992"]
[Result "1-0"]
[Round "9"]
[TimeControl "180+1"]
[Date "2023.11.07"]
[WhiteClock "0:00:30"]
[BlackClock "0:00:00"]
[Board "132"]

1. e4 c5 2. Nf3 e6 3. c3 Nf6 4. Bd3 Be7 5. O-O d6 6. Bc2 Nc6 7. d4 cxd4 8. cxd4 O-O 9. Nc3 Nb4 10. Bb1 b6 11. a3 Nc6 12. Qd3 g6 13. Bh6 Re8 14. h3 Bf8 15. Bg5 Bg7 16. Qc2 e5 17. dxe5 dxe5 18. Nd5 Bb7 19. Rd1 Nd4 20. Nxd4 exd4 21. Rxd4 Bxd5 22. Rxd5 Qc8 23. Bxf6 Bxf6 24. Qd2 Rd8 25. Ba2 Rxd5 26. Bxd5 Qd7 27. Rd1 Rd8 28. Qe2 Qa4 29. e5 Be7 30. Qf3 Rf8 31. Rc1 Qd4 32. Rc7 Qxe5 33. Rxa7 Qd6 34. g3 Kg7 35. Ra8 Rxa8 36. Qxf7+ Kh6 37. Bxa8 Qd1+ 38. Kg2 Qd6 39. Bd5 Qf6 40. Qe8 Bc5 41. Qe2 Kg7 42. b4 Bd4 43. Bf3 Bb2 44. a4 Bc3 45. Qc4 Qd4 46. Qxd4+ Bxd4 47. a5 bxa5 48. bxa5 Ba7 49. Bb7 Kf6 50. Kf3 Ke5 51. Ke2 g5 52. f3 h5 53. Be4 g4 54. h4 gxf3+ 55. Bxf3 Kf5 56. Bxh5 Bb8 57. Kf3 Ba7 58. Be8 Kf6 59. g4 Ke7 60. Bb5 Kd6 61. h5 Kc5 62. Be2 Kb4 63. g5 Kxa5 64. g6 1-0


[Site "https://www.chess.com"]

[Event "Titled Tuesday Blitz November 07 Early 2023"]
[White "Fernandez Siles, Luis"]
[Black "Belov, Alexei"]
[WhiteFideId "2209420"]
[BlackFideId "4128206"]
[WhiteElo "2317"]
[BlackElo "2575"]
[Result "1-0"]
[Round "9"]
[TimeControl "180+1"]
[Date "2023.11.07"]
[WhiteClock "0:01:13"]
[BlackClock "0:01:09"]
[Board "133"]

1. e4 e6 2. d4 d5 3. e5 c5 4. c3 Qb6 5. Nf3 Nc6 6. a3 Bd7 7. b4 cxd4 8. cxd4 Rc8 9. Be3 Nh6 10. Bd3 g6 11. O-O Ne7 12. Qd2 Nhf5 13. Nc3 Nxe3 14. fxe3 Bh6 15. h4 O-O 16. Ng5 a6 17. Rf3 Bb5 18. Nxb5 axb5 19. Raf1 Nf5 20. Bxf5 exf5 21. g4 Bxg5 22. hxg5 fxg4 23. Rf6 Qc7 24. Qg2 Qc3 25. Qg3 Rc6 26. e6 Rxe6 27. Rxe6 fxe6 28. Rxf8+ Kxf8 29. Qd6+ Kf7 30. Qd7+ Kf8 31. Qd8+ Kf7 32. Qf6+ Ke8 33. Qxe6+ Kd8 34. Qxd5+ Kc7 35. Qc5+ Qxc5 36. bxc5 Kc6 37. e4 b4 38. axb4 Kb5 39. e5 Kc6 40. Kg2 1-0


[Site "https://www.chess.com"]

[Event "Titled Tuesday Blitz November 07 Early 2023"]
[White "Bogaudinov, Rushan"]
[Black "Marcziter, Dmitrii"]
[WhiteFideId "4129288"]
[BlackFideId "13900765"]
[WhiteElo "2301"]
[BlackElo "2381"]
[Result "1-0"]
[Round "9"]
[TimeControl "180+1"]
[Date "2023.11.07"]
[WhiteClock "0:00:33"]
[BlackClock "0:00:15"]
[Board "134"]

1. a3 e5 2. e3 d5 3. b4 c6 4. Bb2 Bd6 5. c4 Nf6 6. Nf3 Qe7 7. cxd5 cxd5 8. Nc3 a6 9. d4 e4 10. Ne5 Nbd7 11. Nxd7 Bxd7 12. Na4 Rd8 13. h3 O-O 14. Nc5 Bc8 15. Be2 Ne8 16. Rc1 f5 17. g3 g5 18. Qb3 Qf7 19. h4 f4 20. hxg5 fxg3 21. fxg3 Bxg3+ 22. Kd2 Nd6 23. Rcf1 Bf5 24. Bh5 Nc4+ 25. Qxc4 dxc4 26. Bxf7+ Rxf7 27. Kc3 b5 28. Nxa6 Rdf8 29. Nc5 Bg4 30. Rxf7 Rxf7 31. Rg1 Rf3 32. Bc1 Bf5 33. a4 bxa4 34. Kxc4 Bf2 35. Rf1 Bh3 36. Rh1 Bg2 37. Rh2 Bf1+ 38. Kd5 Bxe3 39. Bxe3 Rxe3 40. Nxe4 a3 41. Nf6+ Kg7 42. Rxh7+ Kg6 43. Ra7 Kxg5 44. Ne4+ Kg6 45. Nd2 Rd3 46. Nxf1 Rb3 47. Kc4 Rb1 48. Nd2 Rd1 49. Nf3 Ra1 50. Kb3 Rf1 51. Ne5+ Kf5 52. Rxa3 Ke4 53. Kc4 Rc1+ 54. Rc3 Rb1 55. b5 Rd1 56. Nc6 Rb1 57. Kc5 Rb2 58. b6 Rh2 59. d5 Rh5 60. Nb4 Rh7 61. d6 Ke5 62. Re3+ Kf4 63. Re7 Rh5+ 64. Nd5+ Kf3 65. d7 Rh8 66. Re8 Rh7 67. d8=Q Kg2 68. Qg5+ Kh1 69. Re1+ Kh2 70. Re2+ Kh3 71. Nf4# 1-0


[Site "https://www.chess.com"]

[Event "Titled Tuesday Blitz November 07 Early 2023"]
[White "EvgenyBurmakin"]
[Black "Kula, Robert"]
[BlackFideId "1101218"]
[WhiteElo "2354"]
[BlackElo "2249"]
[Result "0-1"]
[Round "9"]
[TimeControl "180+1"]
[Date "2023.11.07"]
[WhiteClock "0:00:00"]
[BlackClock "0:01:29"]
[Board "136"]

1. e4 c5 2. Nc3 Nc6 3. Bb5 Nd4 4. Bc4 e6 5. Nge2 a6 6. d3 b5 7. Bb3 d6 8. Nxd4 cxd4 9. Ne2 Qb6 10. O-O Nf6 11. c3 dxc3 12. Be3 Qd8 13. Nxc3 Be7 14. a3 O-O 15. d4 Bb7 16. f3 Rc8 17. Qd2 d5 18. e5 Nd7 19. f4 Nb6 20. f5 exf5 21. Rxf5 Nc4 22. Bxc4 dxc4 23. d5 Bc5 24. Bxc5 Rxc5 25. d6 Bc8 26. Qd4 Bxf5 27. Qxc5 Re8 28. Re1 Qh4 29. Qf2 Qg5 30. Nd5 Be6 31. Nc7 Rf8 32. Nxe6 fxe6 33. Qe3 Qf5 34. h3 h5 35. Qe2 Qf4 36. Rf1 Qd4+ 37. Kh1 Rxf1+ 38. Qxf1 Qxe5 39. d7 Qd6 0-1


[Site "https://www.chess.com"]

[Event "Titled Tuesday Blitz November 07 Early 2023"]
[White "Ismayilova, Khanim"]
[Black "Skaric, Djuro"]
[WhiteFideId "13429019"]
[BlackFideId "934569"]
[WhiteElo "2157"]
[BlackElo "2329"]
[Result "0-1"]
[Round "9"]
[TimeControl "180+1"]
[Date "2023.11.07"]
[WhiteClock "0:00:16"]
[BlackClock "0:02:16"]
[Board "137"]

1. e4 d6 2. d4 g6 3. Nc3 Bg7 4. Nf3 Nf6 5. Bc4 O-O 6. O-O Nc6 7. Bg5 h6 8. Bf4 Kh7 9. Qd2 Nd7 10. Nd5 e5 11. dxe5 dxe5 12. Be3 Nb6 13. Qd3 f5 14. Nxb6 axb6 15. Rfd1 Qf6 16. Rd2 f4 17. Bxf4 Qxf4 18. Bd5 Bg4 19. Ne1 Rad8 20. c4 Nd4 21. Nc2 Nxc2 22. Qxc2 c6 23. Bxc6 Rxd2 24. Qb3 Qxf2+ 0-1


[Site "https://www.chess.com"]

[Event "Titled Tuesday Blitz November 07 Early 2023"]
[White "Rama, Tejas"]
[Black "TheAlienParty"]
[WhiteFideId "30907381"]
[WhiteElo "2480"]
[BlackElo "2234"]
[Result "0-1"]
[Round "9"]
[TimeControl "180+1"]
[Date "2023.11.07"]
[WhiteClock "0:00:03"]
[BlackClock "0:00:49"]
[Board "138"]

1. d4 Nf6 2. c4 e6 3. Nf3 d5 4. Nc3 Bb4 5. cxd5 exd5 6. Bg5 h6 7. Bh4 g5 8. Bg3 Ne4 9. Nd2 Nxc3 10. bxc3 Bxc3 11. Rc1 Bxd2+ 12. Qxd2 c6 13. h4 Rg8 14. hxg5 hxg5 15. Rh6 Be6 16. e3 Nd7 17. Be2 Nf8 18. Bh5 Qe7 19. Be5 Nd7 20. Bg3 Nf6 21. Rb1 Nxh5 22. Rxh5 Bg4 23. Rh6 Bf5 24. Rb3 Bg6 25. Qb2 b6 26. Rc3 Rc8 27. Kd2 Kd7 28. Rh1 Qe4 29. f3 Qe7 30. Rhc1 g4 31. Qb3 Qe6 32. Qa4 gxf3 33. gxf3 a5 34. Qb3 b5 35. Rc5 a4 36. Qc3 Bh5 37. Bf4 Rg2+ 38. Ke1 Bxf3 39. Rxb5 Rg1+ 40. Kf2 Rg2+ 41. Ke1 Qh3 42. Rb7+ Ke8 43. Qxc6+ Rxc6 0-1


[Site "https://www.chess.com"]